 Dungeon Crawl Stone Soup version 0.17-a0-1954-g0dddeaa (webtiles) character file.

819 Shim the Sneak (level 8, -6/52 HPs)
             Began as a Halfling Assassin on Oct 3, 2015.
             Killed from afar by an orc wizard (8 damage)
             ... with a magic dart
             ... on level 6 of the Dungeon.
             The game lasted 01:04:56 (7850 turns).

Shim the Sneak (Halfling Assassin)                  Turns: 7850, Time: 01:04:57

Health: -6/52      AC:  6    Str: 11    XL:     8   Next: 16%
Magic:  8/8        EV: 23    Int: 10    God:
Gold:   389        SH:  0    Dex: 18    Spells: 0 memorised, 7 levels left

rFire  . . .     SeeInvis .     a - +2 dagger
rCold  . . .     Clarity  .     i - +0 leather armour
rNeg   . . .     SustAt   .     (shield restricted)
rPois  .         Gourm    .     C - +0 helmet
rElec  .         Spirit   .     d - +0 cloak
rCorr  .         Warding  .     (no gloves)
rMut   .         Stasis   .     (no boots)
MR     .....                    (no amulet)
Stlth  ++........               P - +3 ring of evasion
                                F - +3 ring of evasion

@: confused, not resistant to hostile enchantments, unstealthy
A: rugged brown scales 1, mutation resistance 1
a: no special abilities


You were on level 6 of the Dungeon.
You were not hungry.

You visited 1 branch of the dungeon, and saw 6 of its levels.

You collected 389 gold pieces.

Inventory:

Hand weapons
 a - a +2 dagger (weapon)
 b - a +0 blowgun
 h - a +0 hand axe
 j - a +0 hunting sling
 k - a +0 short sword
 o - a +1 mace of crushing
 p - a +0 dagger
 r - a +0 dagger
 s - a +0 dagger
 v - a +0 hunting sling
 w - a +0 hunting sling
 D - a +0 blowgun
 J - a +0 dagger of venom
Missiles
 e - 18 poisoned needles
 f - 6 curare-tipped needles
 m - 48 sling bullets
Armour
 c - a +0 robe
 d - a +0 cloak (worn)
 i - a +0 leather armour (worn)
 u - a +0 cloak
 B - a +0 animal skin
 C - a +0 helmet (worn)
Jewellery
 F - a +3 ring of evasion (left hand)
 P - a +3 ring of evasion (right hand)
Magical devices
 H - a wand of slowing (23)
 N - a wand of random effects (20)
 T - a wand of magic darts (24)
Scrolls
 l - 3 scrolls of identify
 q - 4 scrolls of remove curse
 x - a scroll of blinking
 y - a scroll of noise
 z - a scroll of amnesia {unknown}
 A - 2 scrolls of immolation
 O - 2 scrolls of teleportation
 Q - a scroll of magic mapping {unknown}
Potions
 t - a potion of magic {unknown}
 E - 3 potions of curing
 G - 2 potions of resistance
 I - a potion of cure mutation {unknown}
 K - a potion of flight {unknown}
 M - a potion of brilliance {unknown}
 S - a potion of heal wounds {unknown}
 X - a potion of lignification {unknown}
Books
 R - a book of Transfigurations

   Spells                             Type                      Level
   a - Stoneskin                      Transmutation/Earth          2
   b - Irradiate                      Conjuration/Transmutation    5
   c - Statue Form                    Transmutation/Earth          6
   d - Hydra Form                     Transmutation                6
   e - Dragon Form                    Transmutation                7
Comestibles
 g - 4 bread rations
 n - 3 beef jerkies
 L - a fruit
 U - a chunk of flesh
 V - a slice of pizza
 W - a meat ration


   Skills:
 + Level 2.3 Fighting
 + Level 4.2 Short Blades
 + Level 3.5(4.6) Slings
 + Level 4.2(4.8) Throwing
 + Level 2.9 Armour
 + Level 4.9 Dodging
 + Level 7.0 Stealth


You had 7 spell levels left.
You didn't know any spells.

Dungeon Overview and Level Annotations

Branches:
Dungeon (6/15)
 Temple: D:4-7

Altars:
Cheibriados
Kikubaaqudgha
Okawaru


Innate Abilities, Weirdness & Mutations

You are small and have problems with some larger weapons.
You are somewhat resistant to further mutation.
You are partially covered in rugged brown scales (AC +1, +3% HP).


Message History

You hear some strange, mumbled words.
A puff of flame appears from out of thin air!
The puff of flame hits you!
* * * LOW HITPOINT WARNING * * *
The orc wizard miscasts a cantrip.
You feel sick.
A magic dart appears from out of thin air!
The magic dart hits you!
* * * LOW HITPOINT WARNING * * *
You hear some strange, mumbled words.
You are confused.
You bump into the rock wall.
You feel sick.
You are no longer poisoned.
Something hits you but does no damage.
You bump into the rock wall.
Something closely misses you.
You hit something but do no damage.
You hear some strange, mumbled words.
A magic dart appears from out of thin air!
The magic dart hits you!
You die...

#(...og....#
#(.##......#
#.###g.##g....##
#...oog.........
#####g#######.##
#g# # #.#
##########o#
#.....@.ogg#
#.##########
###### #.#
.....# #.#
#<######.#
#........#
#.######## ...#
#####


You could see 2 gnolls and 2 orcs.

Vanquished Creatures
  Eustachio (D:5)
  A phantom (D:4)
  A sky beast (D:5)
  A giant frog skeleton (D:5)
  A quasit (D:5)
  2 orc priests (D:3)
  2 worker ants (D:5)
  3 orc wizards
  Robin (D:2)
  11 adders
  2 shadow imps
  2 worms
  4 giant geckos
  9 orcs
  5 ball pythons
  3 bats
  A bat zombie (D:3)
  9 giant cockroaches
  9 hobgoblins
  3 quokkas
  A giant gecko skeleton (D:4)
  A giant gecko zombie (D:5)
  3 giant newts
  16 goblins
  21 jackals
  A jackal skeleton (D:4)
  A jackal zombie (D:5)
  8 kobolds
  7 rats
130 creatures vanquished.

Notes
Turn   | Place    | Note
--------------------------------------------------------------
     0 | D:1      | Shim the Halfling Assassin began the quest for the Orb.
     0 | D:1      | Reached XP level 1. HP: 14/14 MP: 1/1
   191 | D:1      | Reached XP level 2. HP: 17/19 MP: 2/2
   497 | D:1      | Reached skill level 5 in Stealth
   867 | D:2      | Reached XP level 3. HP: 18/24 MP: 3/3
  1075 | D:2      | Reached skill level 1 in Slings
  1130 | D:2      | Noticed Robin
  1415 | D:2      | HP: 1/24 [goblin/uncursed dagger[Robin] (3)]
  1889 | D:2      | Found a snail-covered altar of Cheibriados.
  2236 | D:2      | Reached XP level 4. HP: 26/29 MP: 4/4
  3065 | D:2      | Killed Robin
  3379 | D:2      | Reached XP level 5. HP: 32/34 MP: 5/5
  3518 | D:3      | Reached skill level 1 in Armour
  4058 | D:3      | Reached XP level 6. HP: 25/39 MP: 6/6
  4368 | D:3      | Found an ancient bone altar of Kikubaaqudgha.
  5669 | D:4      | Reached skill level 6 in Stealth
  5806 | D:4      | Found an iron altar of Okawaru.
  5981 | D:4      | Reached XP level 7. HP: 38/45 MP: 7/7
  6337 | D:5      | Entered Level 5 of the Dungeon
  7504 | D:5      | Gained mutation: You are partially covered in rugged brown scales (AC +1, +3% HP). [mutagenic meat]
  7629 | D:5      | Noticed Eustachio
  7645 | D:5      | Killed Eustachio
  7645 | D:5      | Reached XP level 8. HP: 42/52 MP: 8/8
  7715 | D:5      | Reached skill level 7 in Stealth
  7845 | D:6      | HP: 2/52 [something/magic dart (5)]
  7850 | D:6      | Killed from afar by an orc wizard

Vault maps used:
D:1:      evilmike_arrival_crescent
D:2:      old_standard_altar, uniq_robin
D:3:      lemuel_zombie_altar_kikubaaqudgha, first_bread
D:4:      wad_crossroads, okawaru_gym_becter
D:5:      serial_curves, eino_curves_01, eino_curves_03, uniq_eustachio
D:6:      tso_metal_star, minmay_temple_entry_from_below_a

Action                   |  1- 3 |  4- 6 |  7- 9 || total
-------------------------+-------+-------+-------++-------
Melee: Dagger            |   108 |   157 |   124 ||   389
       Short sword       |       |     5 |       ||     5
 Fire: Hunting sling     |    41 |    25 |     6 ||    72
       Blowgun           |     3 |    50 |    12 ||    65
  Use: Potion            |     1 |       |     1 ||     2
       Scroll            |     4 |       |     5 ||     9
 Stab: Sleeping          |     2 |    18 |     9 ||    29
       Distracted        |       |     3 |       ||     3
  Eat: Fruit             |     1 |     1 |     2 ||     4
       Meat ration       |     1 |       |       ||     1
       Chunk             |       |     7 |     7 ||    14
       Bread ration      |       |     1 |       ||     1
